 Dungeon Crawl Stone Soup version 0.30-a0-174-gbc10bd73c2 (webtiles) character file.

Game seed: 8850056926706376126

88 qw the Chopper (level 4, 0/28 HPs)
             Began as a Gargoyle Fighter on Oct 1, 2022.
             Slain by Robin
             ... wielding a +2 short sword of flaming
              (1 damage)
             ... on level 2 of the Dungeon.
             The game lasted 00:00:36 (1397 turns).

qw the Chopper (Gargoyle Fighter)                   Turns: 1397, Time: 00:00:36

Health: 0/28       AC: 14    Str: 22    XL:     4   Next: 53%
Magic:  4/4        EV:  7    Int:  8    God:
Gold:   97         SH:  4    Dex:  9    Spells: 3/3 levels left

rFire   . . .      SeeInvis .    Y - +3 war axe
rCold   . . .      Faith    .    c - +0 buckler
rNeg    + . .      Spirit   .    h - +0 chain mail
rPois   inf        Reflect  .    (no helmet)
rElec   +          Harm     .    m - +1 cloak
rCorr   .          Rampage  .    (no gloves)
Will    .....                    (no boots)
Stlth   ..........               (no amulet)
HPRegen 0.24/turn                (no ring)
MPRegen 0.09/turn                (no ring)

@: no status effects
A: sickness immunity, AC +3, negative energy resistance 1, electricity
resistance, torment resistance 1, petrification resistance
a: no special abilities


You were on level 2 of the Dungeon.
You visited 1 branch of the dungeon, and saw 2 of its levels.

You collected 97 gold pieces.


Innate Abilities, Weirdness & Mutations

You are immune to sickness and miasma.
Your stone body is resilient. (AC +3)
You are immune to poison.
You resist negative energy. (rN+)
You are resistant to electric shocks. (rElec)
You are resistant to unholy torment.
You are immune to petrification.


   Skills:
 - Level 3.2 Fighting
 + Level 4.2 Axes
 - Level 3.2 Armour
 - Level 3.2 Shields


You had 3 spell levels left.
You didn't know any spells.
Your spell library was empty.

Inventory:

Hand Weapons
 j - a +0 whip
 Y - a +3 war axe (weapon)
Armour
 b - a +0 pair of gloves
 c - a +0 buckler (worn)
 h - a +0 chain mail (worn)
 m - a +1 cloak (worn)
Scrolls
 e - a scroll of vulnerability {unknown}
 l - 2 scrolls of identify
Potions
 d - a potion of might
 n - 2 potions of curing
 o - a potion of mutation

Dungeon Overview and Level Annotations

Branches:
Dungeon (2/15)

Altars:

Annotations:
D:2 Robin


Message History

You kill the goblin!
You miss the goblin. You barely miss the goblin.
You closely miss the hobgoblin.
The hobgoblin hits you but does no damage.
The goblin completely misses you. The goblin hits you with a +0 dagger.
The hobgoblin hits you but does no damage.
The goblin hits you but does no damage. x2
The goblin hits you with a +0 dagger.
The hobgoblin hits you but does no damage.
You barely miss the hobgoblin.
The hobgoblin is severely wounded.
You hit the goblin.
You kill the goblin!
You barely miss the hobgoblin. You barely miss the goblin.
You closely miss the goblin. You hit the goblin.
You kill the goblin!
You block the hobgoblin's attack. The hobgoblin hits you.
The goblin hits you but does no damage.
A goblin comes into view. It is wielding a +0 dagger.
The goblin completely misses you. Robin throws the goblin at you!
You barely miss the hobgoblin.
The hobgoblin is severely wounded.
You slash the goblin!
You kill the goblin!
You hit the goblin. You closely miss the goblin. You hit the quokka.
You kill the quokka!
You closely miss the hobgoblin. The goblin hits you but does no damage.
The hobgoblin hits you but does no damage.
You block the hobgoblin's attack. The goblin hits you with a +0 club.
You barely miss the hobgoblin.
The hobgoblin is severely wounded.
You hit the hobgoblin. You hit Robin. You hit the goblin.
You kill the goblin!
You closely miss the goblin.
Robin hits you with a +2 short sword of flaming.
Robin burns you. The goblin completely misses you. The hobgoblin hits you.
The hobgoblin hits you but does no damage.
The hobgoblin closely misses you. The hobgoblin barely misses you.
Robin hits you with a +2 short sword of flaming.
You die... #.# #$..# #.### #<..#.##...# ...g..#?...## g.g

......## g..
...... #.##g#.#
# #.))@).####.#
#..ggg......#
##..)......#
#.....###.#
#.....# #
#####.#
##############.#
#..............#
#
#.##############


You could see Robin, 2 hobgoblins and a goblin (strong).

Vanquished Creatures
  3 gnolls (D:2)
  An adder (D:2)
  2 dart slugs
  3 ball pythons
  6 endoplasms
  9 goblins
  4 hobgoblins
  2 kobolds
  2 quokkas
  3 bats
  7 frilled lizards
  4 rats
46 creatures vanquished.

Notes
Turn   | Place    | Note
-------+----------+-------------------------------------------
     0 | D:1      | qw the Gargoyle Fighter began the quest for the Orb.
     0 | D:1      | Reached XP level 1. HP: 14/14 MP: 1/1
     0 | D:1      | 0 ||| qw: Version: 0.2-a-13-gfc7b4b4
     0 | D:1      | 0 ||| qw: Game counter: 1874
     0 | D:1      | 0 ||| qw: Always use a shield: true
     0 | D:1      | 0 ||| qw: God list: Okawaru
     0 | D:1      | 0 ||| qw: Allow faded altars: false
     0 | D:1      | 0 ||| qw: Do Orc after D:15 true
     0 | D:1      | 0 ||| qw: Do second Lair branch before Depths: true
     0 | D:1      | 0 ||| qw: Lair rune preference: random
     0 | D:1      | 0 ||| qw: Plans: Normal, Zot:1-4, God:TSO, Crypt, Tomb,
                  | Pan, Slime:5, Hells, Abyss, Orb
     0 | D:1      | 0 ||| PLANNING D:1-11
    10 | D:1      | Found a faded altar of an unknown god.
    48 | D:1      | Reached skill level 2 in Axes
   129 | D:1      | Reached XP level 2. HP: 19/19 MP: 2/2
   229 | D:1      | 229 ||| DROPPING +0 club.
   779 | D:1      | Reached skill level 3 in Axes
   845 | D:1      | 845 ||| Stepping ~*~*~tactically~*~*~ (hiding).
   858 | D:1      | Reached XP level 3. HP: 21/23 MP: 3/3
   910 | D:1      | 910 ||| UPGRADING to +0 chain mail.
   920 | D:1      | 920 ||| DROPPING +0 scale mail.
   921 | D:1      | 921 ||| UPGRADING to +1 cloak.
   926 | D:1      | 926 ||| DROPPING amulet of faith.
   927 | D:1      | 927 ||| READING 2 scrolls labelled CAINIM QALEOWI.
   928 | D:1      | 928 ||| READING scroll labelled DIOV EGOLLIWN.
   929 | D:1      | 929 ||| READING 3 scrolls labelled IHORUGRINGI.
   930 | D:1      | 930 ||| READING 2 scrolls of enchant weapon.
   930 | D:1      | 930 ||| ENCHANTING +1 war axe.
   931 | D:1      | 931 ||| READING scroll of enchant weapon.
   931 | D:1      | 931 ||| ENCHANTING +2 war axe.
   932 | D:1      | 932 ||| READING 3 scrolls labelled UMIFUQ SUESTA.
   933 | D:1      | 933 ||| DRINKING 2 grey potions.
   934 | D:1      | 934 ||| DRINKING 2 clear potions.
   935 | D:1      | 935 ||| READING 2 scrolls of identify.
   935 | D:1      | 935 ||| IDENTIFYING viscous orange potion
   936 | D:1      | 936 ||| DROPPING scroll of fear.
   937 | D:1      | 937 ||| DROPPING potion of invisibility.
  1030 | D:2      | Reached XP level 4. HP: 23/28 MP: 4/4
  1373 | D:2      | Reached skill level 4 in Axes
  1386 | D:2      | Noticed Robin
  1390 | D:2      | 1390 ||| Stepping ~*~*~tactically~*~*~ (hiding).
  1397 | D:2      | HP: 6/28 [Robin/+2 short sword of flaming (4)]
  1397 | D:2      | HP: 1/28 [hobgoblin[Robin] (3)]
  1397 | D:2      | Slain by Robin

Levels and vault maps discovered:
D:1:      dpeg_arrival_shrine, layout_basic, ebering_ecumenical_altar_abandoned,
          minivault_19, minivault_26, minmay_box_of_dots
D:2:      layout_loops_ring, uniq_robin

Skill      XL: |  1  2  3  4 |
---------------+-------------+-----
Axes           | 2 3 4 |  4.2
Fighting       | |  3.2
Armour         | |  3.2
Shields        | |  3.2

Action                   |  1- 3 |  4- 6 || total
-------------------------+-------+-------++-------
Melee: War axe           |    69 |    37 ||   106
Throw: Boomerang         |     2 |    18 ||    20
  Use: Scroll            |     7 |       ||     7
       Potion            |     2 |       ||     2
Armor: Scale mail        |    21 |       ||    21
       Chain mail        |     2 |    40 ||    42
Dodge: Dodged            |    31 |    11 ||    42
Block: Buckler           |    19 |     9 ||    28

Table legend:
 A = Non-vault XP
 B = Vault XP
 C = Vault XP percentage of total XP
 D = Non-vault monster count
 E = Vault monster count
 F = Vault count percentage of total count
                 A         B        C        D         E       F
            +---------+---------+-------+---------+---------+-------
      Total |     108 |      20 |  15.6 |      35 |      11 |  23.9
            +---------+---------+-------+---------+---------+-------
        D:1 |      30 |       5 |  14.3 |      17 |       3 |  15.0
        D:2 |      78 |      15 |  16.1 |      18 |       8 |  30.8
            +---------+---------+-------+---------+---------+-------
